 Dungeon Crawl Stone Soup version 0.18.1-50-g88ac8fd (webtiles) character file.

241 Leibowitz the Poker (level 6, -2/47 HPs)
             Began as a Merfolk Gladiator on Oct 15, 2016.
             Was an Initiate of Gozag.
             Slain by a slave (8 damage)
             ... led by Pikel
             ... on level 4 of the Dungeon.
             The game lasted 00:11:03 (3843 turns).

Leibowitz the Poker (Merfolk Gladiator)             Turns: 3843, Time: 00:11:04

Health: -2/47      AC:  5    Str: 17    XL:     6   Next: 8%
Magic:  6/6        EV: 15    Int:  7    God:    Gozag
Gold:   147        SH:  0    Dex: 15    Spells: 0 memorised, 5 levels left

rFire  . . .     SeeInvis .     a - +0 trident
rCold  . . .     Gourm    .     D - +0 robe (curse)
rNeg   . . .     Faith    +     (no shield)
rPois  .         Spirit   .     c - +0 helmet
rElec  .         Dismiss  .     (no cloak)
rCorr  .         Reflect  .     p - +0 pair of gloves
SustAt .         Harm     .     i - +0 pair of boots
MR     .....                    k - amulet of faith
Stlth  ++........               (no ring)
                                (no ring)

@: not resistant to hostile enchantments, unstealthy
A: change form in water, swift swim
a: Potion Petition, Call Merchant, Bribe Branch, Renounce Religion


You were on level 4 of the Dungeon.
You worshipped Gozag.
Gozag was noncommittal.
You were very hungry.

You visited 2 branches of the dungeon, and saw 5 of its levels.

You collected 212 gold pieces.
You paid 65 gold pieces to Gozag.

Inventory:

Hand Weapons
 a - a +0 trident (weapon)
Missiles
 d - 3 throwing nets (quivered)
 v - 3 poisoned needles
 w - 3 javelins
Armour
 c - a +0 helmet (worn)
 i - a +0 pair of boots (worn)
 p - a +0 pair of gloves (worn)
 D - a cursed +0 robe (worn)
Jewellery
 k - an amulet of faith (around neck)
Wands
 s - a wand of paralysis (4/24)
Scrolls
 e - a scroll of immolation {unknown}
 g - 5 scrolls of identify {unknown}
 l - 2 scrolls of remove curse {unknown}
 x - a scroll of teleportation {unknown}
 y - a scroll of random uselessness {unknown}
 A - a scroll of fog {unknown}
Potions
 b - a potion of might {unknown}
 h - 2 potions of berserk rage {unknown}
 j - a potion of agility {unknown}
 m - 2 potions of heal wounds {unknown}
 n - a potion of cure mutation {unknown}
 q - a potion of beneficial mutation {unknown}
 r - 2 potions of curing {unknown}
 t - a potion of degeneration {unknown}
 u - 2 potions of invisibility {unknown}
 B - a potion of lignification {unknown}
Comestibles
 f - 5 bread rations
 o - 3 meat rations
 z - 3 fruits
 C - a beef jerky


   Skills:
 * Level 3.1 Fighting
 * Level 6.2 Polearms
 + Level 2.1 Throwing
 * Level 1.8 Armour
 * Level 5.2 Dodging
 + Level 2.4 Stealth
 + Level 0.2 Evocations


You had 5 spell levels left.
You didn't know any spells.

Dungeon Overview and Level Annotations

Branches:
Dungeon (4/15)             Temple (1/1) D:4

Altars:
Ashenzari
Elyvilon
Gozag
Nemelex Xobeh
Pakellas
Ru
Trog
Vehumet
Yredelemnul
Zin

Annotations:
D:4 Pikel


Message History

The slave hits you.
* * * LOW HITPOINT WARNING * * *
You closely miss the slave.
The slave is heavily wounded.
The slave misses you.
You miss the slave.
The slave is heavily wounded.
The slave completely misses you.
You hit the slave but do no damage.
The slave is heavily wounded.
The slave hits you!
* * * LOW HITPOINT WARNING * * *
You miss the slave.
The slave is heavily wounded.
The slave misses you.
You closely miss the slave.
The slave is heavily wounded.
The slave hits you!
You die...
Your body crumbles into a pile of gold.

..####.# .......#
###
.##..?.....pK..#
.##.##.##p####.#
.##.##.# # #.#
###.##.##.####.##
.p...#.##.......#
###.##.# ##..p##
...###.#####.###@#
#.#.#........# #.#
#.#....#####.# #.#
#.#.#.## ##...##
...#.... ##.#
#.##.....# #.# ..
......# #.
#.##.!..... ..
.........


You could see a slave.

Vanquished Creatures
  The ghost of sheala the Stinger, an amateur DEVM (D:4)
  A slave (D:4)
  An orc wizard (D:4)
  A worker ant (D:4)
  3 adders
  2 dart slugs
  A giant gecko (D:2)
  7 orcs
  4 giant cockroaches
  2 goblins (D:1)
  8 hobgoblins
  6 kobolds
  A quokka (D:2)
  3 bats
  4 giant newts (D:2)
  7 rats
52 creatures vanquished.

Notes
Turn   | Place    | Note
--------------------------------------------------------------
     0 | D:1      | Leibowitz the Merfolk Gladiator began the quest for the Orb.
     0 | D:1      | Reached XP level 1. HP: 16/16 MP: 1/1
   396 | D:1      | Reached XP level 2. HP: 6/22 MP: 2/2
  1114 | D:1      | Reached skill level 5 in Polearms
  1267 | D:2      | Reached XP level 3. HP: 21/28 MP: 3/3
  1453 | D:2      | Reached skill level 1 in Armour
  1520 | D:2      | Found a white marble altar of Elyvilon.
  1657 | D:2      | Found a sparkling altar of Nemelex Xobeh.
  2200 | D:3      | Reached XP level 4. HP: 32/34 MP: 4/4
  2908 | D:4      | Noticed sheala's ghost (amateur DEVM)
  2919 | D:4      | Killed sheala's ghost
  2919 | D:4      | Reached skill level 6 in Polearms
  2919 | D:4      | Reached XP level 5. HP: 29/40 MP: 5/5
  3330 | D:4      | Reached skill level 5 in Dodging
  3369 | D:4      | Found a staircase to the Ecumenical Temple.
  3377 | Temple   | Entered the Ecumenical Temple
  3685 | Temple   | Became a worshipper of Gozag Ym Sagoz the Greedy
  3721 | D:4      | Reached XP level 6. HP: 47/47 MP: 6/6
  3783 | D:4      | Noticed Pikel
  3783 | D:4      | Noticed a slave
  3783 | D:4      | Noticed a slave
  3783 | D:4      | Noticed a slave
  3812 | D:4      | Noticed a slave
  3834 | D:4      | Killed a slave
  3843 | D:4      | Slain by a slave

Skill      XL: |  1  2  3  4  5 |
---------------+----------------+-----
Polearms       | 5 6 |  6.2
Armour         | 1 |  1.8
Stealth        | 2 |  2.4
Fighting       | 3 |  3.1
Dodging        | 5 |  5.2
Throwing       | |  2.1
Evocations     | |  0.2

Action                   |  1- 3 |  4- 6 || total
-------------------------+-------+-------++-------
Melee: Trident           |   141 |    67 ||   208
Throw: Throwing net      |    11 |       ||    11
Invok: Potion Petition   |       |     1 ||     1
Evoke: Wand              |     3 |     1 ||     4
 Stab: Held in net/web   |     4 |       ||     4
       Sleeping          |     2 |     1 ||     3
       Paralysed         |     4 |     4 ||     8
  Eat: Chunk             |     4 |     4 ||     8
Armor: Leather armour    |    20 |     6 ||    26
Dodge: Dodged            |    69 |    32 ||   101
